 Dungeon Crawl Stone Soup version 0.29-a0-994-gc5c9f59d18 (webtiles) character file.

Game seed: 5420385884199687966

98759 Kinoniko the Swashbuckler (level 15, 58/108 HPs)
             Began as a Demonspawn Berserker on Aug 3, 2022.
             Was a High Priest of Trog.
             Quit the game on level 1 of the Swamp.
             The game lasted 00:36:46 (27329 turns).

Kinoniko the Swashbuckler (Demonspawn Berserker)   Turns: 27329, Time: 00:36:47

Health: 58/108     AC: 20    Str: 24    XL:     15   Next: 75%
Magic:  15/15      EV: 30    Int:  9    God:    Trog [*****.]
Gold:   2784       SH:  0    Dex: 13    Spells: 14/14 levels left

rFire   + . .      SeeInvis .   V - +9 quick blade
rCold   . . .      Faith    .   (no shield)
rNeg    . . .      Spirit   +   x - +5 ring mail {Will+}
rPois   +          Reflect  .   u - +1 hat
rElec   .          Harm     .   k - +2 cloak
rCorr   .          Rampage  .   (no gloves)
Will    ++++.      Clarity  +   (no boots)
Stlth   ++........              i - amulet of the acrobat
HPRegen 0.28/turn               t - ring of poison resistance
MPRegen 0.28/turn               o - ring of Bacveico {Wiz Will++ Stlth-}

@: acrobatic
A: horns 2, molten scales 3, powered by pain 1, magic shield, magic
regeneration, clarity, frail 1
a: Renounce Religion, Berserk, Trog's Hand, Brothers in Arms


You were on level 1 of the Swamp.
You worshipped Trog.
Trog was extremely pleased with you.
You visited 4 branches of the dungeon, and saw 22 of its levels.
You also visited: Bailey.

You collected 2829 gold pieces.
You spent 45 gold pieces at shops.

Inventory:

Hand Weapons
 s - the +10 short sword "Yhymifos" {drain, rElec rPois Int-3}
   (You found it on level 3 of the Dungeon)

   A truly terrible weapon, it drains the life of any living foe it strikes.
   Int:       It affects your intelligence (-3).
   rElec:     It insulates you from electricity.
   rPois:     It protects you from poison.
 z - the +3 greatsling "Punk" {acid, rCorr}
   (You found it on level 5 of the Lair of Beasts)

   Any ammunition fired from it is coated in acid, damaging and corroding those
   it strikes.
   rCorr:     It protects you from acid and corrosion.
 G - a +5 antimagic demon blade
 V - a +9 quick blade (weapon)
Missiles
 E - 2 throwing nets (quivered)
 M - 47 stones
 T - 4 silver javelins
 X - 7 curare-tipped darts
Armour
 k - a +2 cloak (worn)
 u - a +1 hat (worn)
 x - a +5 ring mail of willpower (worn)
 L - the +3 leather armour "Zowonn" {Str+7}
   (You found it on level 12 of the Dungeon)

   Str:       It affects your strength (+7).
Jewellery
 i - an amulet of the acrobat (around neck)
 n - a +4 ring of evasion
 o - the ring of Bacveico (right hand) {Wiz Will++ Stlth-}
   (You found it on level 12 of the Dungeon)

   [ring of wizardry]

   It improves your spell success rate.
   Will:      It greatly increases your willpower.
   Stlth:     It makes you less stealthy.
 t - a ring of poison resistance (left hand)
 v - a +6 ring of strength
 y - a ring of protection from cold
 F - a ring of willpower
 K - a +4 ring of protection
 N - a +6 ring of dexterity
 R - a ring of magical power
 S - a +4 ring of protection
 Z - a ring of protection from cold
Wands
 w - a wand of polymorph (20)
 D - a wand of paralysis (33)
 H - a wand of mindburst (40)
 J - a wand of quicksilver (6)
 O - a wand of digging (6)
 P - a wand of flame (26)
 Y - a wand of roots (8)
Scrolls
 a - a scroll of magic mapping
 b - 3 scrolls of immolation
 e - a scroll of fog
 j - 3 scrolls of identify
 p - 3 scrolls of fear
 r - a scroll of teleportation
 A - 5 scrolls of torment
 I - 2 scrolls of poison
 W - 2 scrolls of silence
Potions
 c - 5 potions of flight
 d - a potion of lignification
 f - 2 potions of ambrosia
 g - 6 potions of attraction
 h - a potion of magic
 l - 7 potions of curing
 m - 5 potions of haste
 q - 3 potions of heal wounds
 B - 4 potions of cancellation
 C - 5 potions of might
 Q - a potion of mutation
Miscellaneous
 U - a lightning rod (4/4)


   Skills:
 + Level 11.6 Fighting
 - Level 17.0 Short Blades
 - Level 4.7 Axes
 * Level 6.9 Ranged Weapons
 + Level 9.8 Armour
 + Level 9.7 Dodging
 - Level 7.8 Stealth


You had 14 spell levels left.
You didn't know any spells.
Your spell library contained the following spells:

 Spells                   Type           Power      Damage    Failure   Level
 Static Discharge         Conj/Air       0%         3-3/arc   32%         2
 Mephitic Cloud           Conj/Pois/Air  0%         N/A       52%         3
 Dispel Undead            Necr           0%         3d6       89%         4
 Sticky Flame             Conj/Fire      0%         2d3       89%         4
 Freezing Cloud           Conj/Ice/Air   0%         6-21      99%         5
 Simulacrum               Ice/Necr       0%         N/A       100%        6


Dungeon Overview and Level Annotations

Branches:
Dungeon (14/15)            Temple (0/1) D:5            Lair (5/5) D:11
  Swamp (1/4) Lair:3       Spider (0/4) Lair:2        Slime (0/5) Lair:4
    Orc (2/2) D:12            Elf (0/3) Orc:2        Vaults (0/5) D:13
 Bailey (visited)

Altars:
Ashenzari
Fedhas
Gozag
Hepliaklqana
Kikubaaqudgha
Qazlal
Vehumet
Xom

Shops:
D:6 ?=!   D:10 (   D:12 [   Orc:2 :*[(

Annotations:
D:4 2 transporters, flestrin's ghost, amateur OpVM
D:12 3 runed translucent doors


Innate Abilities, Weirdness & Mutations

You have a pair of horns on your head.
You are completely covered in molten scales. (AC +4, rF+)
You sometimes gain a little power by taking damage.
When hurt, damage is shared between your health and your magic reserves.
You regenerate magic rapidly.
You possess an exceptional clarity of mind.
You are frail. (-10% HP)


Message History

You headbutt the tyrant leech, but do no damage.
The tyrant leech is heavily wounded.
The tyrant leech bites you!
* * * LOW HITPOINT WARNING * * *
The tyrant leech draws strength from your injuries!
You puncture the tyrant leech! You headbutt the tyrant leech!
The tyrant leech is heavily wounded.
Unknown command.
You puncture the tyrant leech!
The tyrant leech is severely wounded.
You hit the tyrant leech.
The tyrant leech is severely wounded.
You hit the tyrant leech. Your headbutt misses the tyrant leech.
The tyrant leech is almost dead.
The tyrant leech bites you!!
* * * LOW HITPOINT WARNING * * *
You focus on the pain.
You feel your power returning.
The tyrant leech draws strength from your injuries!
You puncture the tyrant leech!
The tyrant leech is severely wounded.
You hit the tyrant leech.
The tyrant leech is severely wounded.
Unknown command.
You puncture the tyrant leech! Your headbutt misses the tyrant leech.
You punch the tyrant leech, but do no damage.
The tyrant leech is almost dead.
You hit the tyrant leech. You headbutt the tyrant leech.
You kill the tyrant leech!
Trog accepts your kill.
You enter the shallow water.
Moving in this stuff is going to be slow.
You feel a little less agile now.
Key pressed, stopping explore.
A four-headed hydra comes into view.
A four-headed hydra is nearby!
A four-headed hydra is nearby!
A four-headed hydra is nearby!
A will-o-the-wisp comes into view.
The will-o-the-wisp gives a chilling moan.
Are you sure you want to abandon this character and quit the game? (Confirm with "yes".)

♣.~~..~vD
♣~...~~.~
♣~.~~~.. ♣.>~~§♣
♣.~~~.♣♣
♣.~~~~.♣
♣.~~~~.♣♣
♣♣@~~~~~.♣♣
♣♣♣♣♣..~~~~~~.♣
♣~~~...~~~~~~..~
♣.~~~~~~~~~~~...
♣.~.<.~~~~~~~~..
♣♣....~~~§~~~...
♣♣♣~§~~§~~~....
♣.~~~~~~~..~.
♣..~~~~~~~...


You could see a four-headed hydra (wandering) and a will-o-the-wisp.

Vanquished Creatures
  2 orc warlords
  Nessos (D:12)
  Snorg (D:12)
  An ettin (Orc:2)
  2 fire dragons
  Josephine (D:14)
  3 hydras
  5 boulder beetles
  An anaconda (Lair:5)
  2 catoblepae
  A centaur warrior (D:13)
  4 two-headed ogres
  7 death yaks (D:11)
  4 orc high priests (Orc:2)
  Urug (D:13)
  Amaemon (Lair:3)
  Sonja (Lair:3)
  An orb spider (Lair:2)
  A bog body (Lair:1)
  A swamp dragon (Lair:5)
  A wizard (D:13)
  5 orc knights
  3 orc sorcerers (Orc:2)
  An ugly thing (D:13)
  A deep elf zephyrmancer (D:13)
  A slime creature (D:14)
  2 cyclopes
  4 manticores
  16 elephants
  A black mamba (shapeshifter) (D:14)
  4 black mambas
  An ice statue (Lair:1)
  Maggie (D:6)
  An unseen horror (D:10)
  An orange demon (Lair:3)
  14 komodo dragons
  9 cane toads
  A freezing wraith (D:14)
  2 kobold demonologists
  5 rime drakes
  2 ice devils (Lair:1)
  7 trolls
  A tyrant leech (Swamp:1)
  3 hornets
  14 polar bears
  9 blink frogs
  3 raiju (Lair:5)
  A shadow (D:10)
  A spriggan (Lair:2)
  8 wraiths
  18 yaks
  3 wyverns
  4 basilisks
  4 steam dragons
  10 vampire mosquitoes
  A harpy simulacrum (Lair:1)
  13 wargs
  2 acid dragons
  12 hell hounds (Lair:5)
  12 water moccasins
  A swamp drake (Lair:5)
  42 orc warriors
  12 black bears
  An ice beast (D:7)
  9 centaurs
  A boggart (D:14)
  5 ogres
  49 wolves
  A phantom (D:5)
  5 kobold brigands
  7 bullfrogs
  Blork the orc (Orc:1)
  A cane toad simulacrum (Lair:1)
  A gnoll sergeant (Orc:1)
  2 necrophages
  7 wights
  13 killer bees
  7 howler monkeys
  7 electric eels
  5 hounds
  23 orc priests
  A gnoll bouda (D:8)
  Crazy Yiuf (D:3)
  Jessica (D:3)
  Ijyb (D:3)
  6 iguanas
  28 orc wizards
  A troll simulacrum (Lair:1)
  A spriggan simulacrum (Lair:1)
  Robin (D:3)
  8 gnolls
  7 adders
  4 white imps
  3 ufetubi
  3 worms
  A dart slug (D:4)
  100 orcs
  14 endoplasms
  5 giant cockroaches
  16 goblins
  12 hobgoblins
  2 jackals (D:1)
  3 quokkas (D:1)
  8 ball pythons
  7 bats
  3 frilled lizards
  23 kobolds
  6 rats
709 creatures vanquished.

Vanquished Creatures (collateral kills)
  4 slime creatures
  An orc sorcerer (Orc:2)
  4 orc knights
  A wraith (D:14)
  8 orc warriors
  An orc priest (Orc:2)
  8 orc wizards
  10 orcs
37 creatures vanquished.

Vanquished Creatures (others)
  4 boggarts (D:14)
  20 fungi
  34 plants
58 creatures vanquished.

Grand Total: 804 creatures vanquished

Notes
Turn   | Place    | Note
-------+----------+-------------------------------------------
     0 | D:1      | Kinoniko the Demonspawn Berserker began the quest for the
                  | Orb.
     0 | D:1      | Reached XP level 1. HP: 18/18 MP: 1/1
   368 | D:1      | Gained mutation: You have a pair of small horns on your
                  | head. [demonic ancestry]
   368 | D:1      | Reached XP level 2. HP: 22/24 MP: 2/2
   579 | D:1      | Found a faded altar of an unknown god.
  1004 | D:1      | Gained mutation: You have a pair of horns on your head.
                  | [demonic ancestry]
  1004 | D:1      | Reached XP level 3. HP: 28/29 MP: 3/3
  1401 | D:2      | Reached ** piety under Trog
  1408 | D:2      | Found an opulent altar of Gozag.
  1899 | D:2      | Got the Quarto of Chilling Intoxication
  1956 | D:2      | Gained mutation: You regenerate magic rapidly. [demonic
                  | ancestry]
  1956 | D:2      | Reached XP level 4. HP: 35/35 MP: 4/4
  2004 | D:2      | Identified the +7 whip of Stickiness {holy, *Rage rElec
                  | rPois Will+++}
  2371 | D:3      | Identified the +10 short sword "Yhymifos" {drain, rElec
                  | rPois Int-3}
  2423 | D:3      | Found a broken altar of Ashenzari.
  2459 | D:3      | Noticed Robin
  2470 | D:3      | Killed Robin
  2471 | D:3      | Reached skill level 1 in Short Blades
  2679 | D:3      | Found a runed translucent door.
  2680 | D:3      | Noticed Crazy Yiuf
  2761 | D:3      | Noticed Jessica
  2765 | D:3      | Killed Jessica
  2766 | D:3      | Reached skill level 2 in Short Blades
  2766 | D:3      | Reached XP level 5. HP: 40/41 MP: 5/5
  2940 | D:3      | Noticed Ijyb
  2950 | D:3      | Killed Ijyb
  3095 | D:3      | Found a stormy altar of Qazlal.
  3252 | D:3      | Killed Crazy Yiuf
  3253 | D:3      | Reached skill level 3 in Short Blades
  3505 | D:4      | Gained mutation: You are partially covered in molten
                  | scales. (AC +2) [demonic ancestry]
  3505 | D:4      | Reached XP level 6. HP: 47/47 MP: 6/6
  3583 | D:4      | Found a transporter.
  3590 | D:4      | Reached skill level 4 in Short Blades
  3592 | D:4      | Reached *** piety under Trog
  3629 | D:4      | Found a transporter.
  3967 | D:4      | Noticed flestrin's ghost (amateur OpVM)
  3989 | D:5      | Entered Level 5 of the Dungeon
  4048 | D:5      | Reached skill level 5 in Short Blades
  4128 | D:5      | Gained mutation: You are mostly covered in molten scales.
                  | (AC +3) [demonic ancestry]
  4128 | D:5      | Reached XP level 7. HP: 52/52 MP: 7/7
  4280 | D:5      | Found a radiant altar of Vehumet.
  4462 | D:5      | Reached skill level 6 in Short Blades
  4508 | D:5      | Found a staircase to the Ecumenical Temple.
  4699 | D:5      | Found a hazy altar of Hepliaklqana.
  4791 | D:6      | Found Ysia's Magic Scroll Boutique.
  4846 | D:6      | Reached skill level 7 in Short Blades
  4888 | D:6      | Found Boufimia's Jewellery Boutique.
  4950 | D:6      | Noticed Maggie
  4965 | D:6      | Killed Maggie
  4966 | D:6      | Reached skill level 8 in Short Blades
  4966 | D:6      | Gained mutation: When hurt, damage is shared between your
                  | health and your magic reserves. [demonic ancestry]
  4966 | D:6      | Reached XP level 8. HP: 48/58 MP: 8/8
  4967 | D:6      | Reached **** piety under Trog
  5243 | D:6      | Found Peuf's Distillery.
  5251 | D:6      | Bought a potion of curing for 33 gold pieces
  5511 | D:7      | Reached skill level 9 in Short Blades
  5538 | D:7      | Reached skill level 10 in Short Blades
  5543 | D:7      | Reached XP level 9. HP: 63/63 MP: 9/9
  5713 | D:7      | Found an ancient bone altar of Kikubaaqudgha.
  6143 | D:8      | Reached skill level 11 in Short Blades
  6855 | D:9      | Noticed a boulder beetle
  6883 | D:9      | Killed a boulder beetle
  6884 | D:9      | Reached skill level 12 in Short Blades
  7281 | D:9      | Gained mutation: You sometimes gain a little power by
                  | taking damage. [demonic ancestry]
  7281 | D:9      | Reached XP level 10. HP: 65/70 MP: 10/10
  7331 | D:9      | Found a flagged portal.
  7342 | Bailey   | Entered a bailey
  7396 | Bailey   | Reached ***** piety under Trog
  7646 | Bailey   | Noticed an orc knight
  7648 | Bailey   | Received a gift from Trog
  7666 | Bailey   | Killed an orc knight
  7667 | Bailey   | Reached skill level 13 in Short Blades
  7824 | Bailey   | Noticed an orc knight
  7831 | Bailey   | Killed an orc knight
  7877 | Bailey   | Acquired a +4 quick blade
  8505 | D:10     | Entered Level 10 of the Dungeon
  8505 | D:10     | Found Xominn's Weapon Emporium.
  8545 | D:10     | Reached skill level 1 in Stealth
  8666 | D:10     | Reached skill level 14 in Short Blades
  9067 | D:10     | Reached XP level 11. HP: 66/76 MP: 8/11
  9321 | D:11     | Noticed a boulder beetle
  9343 | D:11     | Killed a boulder beetle
  9740 | D:11     | Noticed a two-headed ogre
  9749 | D:11     | Killed a two-headed ogre
  9819 | D:11     | Noticed a boulder beetle
  9831 | D:11     | Noticed a death yak
  9841 | D:11     | Noticed a two-headed ogre
  9841 | D:11     | Noticed a death yak
  9847 | D:11     | Killed a boulder beetle
  9851 | D:11     | Noticed a death yak
  9856 | D:11     | Noticed a death yak
  9867 | D:11     | Noticed a death yak
  9871 | D:11     | Killed a death yak
  9878 | D:11     | Reached skill level 5 in Fighting
  9881 | D:11     | Noticed a death yak
  9882 | D:11     | Noticed a death yak
 10109 | D:11     | Killed a two-headed ogre
 10279 | D:11     | Killed a death yak
 10287 | D:11     | Killed a death yak
 10295 | D:11     | Killed a death yak
 10302 | D:11     | Killed a death yak
 10303 | D:11     | Reached skill level 15 in Short Blades
 10311 | D:11     | Killed a death yak
 10312 | D:11     | Reached XP level 12. HP: 87/87 MP: 10/12
 10320 | D:11     | Killed a death yak
 10428 | D:11     | Found a staircase to the Lair.
 10656 | D:11     | Reached XP level 13. HP: 98/98 MP: 13/13
 10657 | D:11     | Gained mutation: You are frail. (-10% HP) [potion of
                  | mutation]
 10657 | D:11     | Gained mutation: You possess an exceptional clarity of
                  | mind. [potion of mutation]
 10728 | Lair:1   | Entered Level 1 of the Lair of Beasts
 11104 | Lair:1   | Reached skill level 5 in Stealth
 11665 | Lair:1   | Found a blossoming altar of Fedhas.
 13490 | Lair:2   | Reached skill level 16 in Short Blades
 13668 | Lair:2   | Found a hole to the Spider Nest.
 14607 | Lair:3   | Noticed Sonja
 14632 | Lair:3   | Killed Sonja
 14694 | Lair:3   | Found a staircase to the Swamp.
 14710 | Lair:3   | Reached XP level 14. HP: 97/97 MP: 12/14
 14864 | Lair:3   | Noticed Amaemon
 14889 | Lair:3   | Killed Amaemon
 15843 | Lair:4   | Found a staircase to the Slime Pits.
 16309 | Lair:5   | Entered Level 5 of the Lair of Beasts
 16870 | Lair:5   | Reached skill level 10 in Fighting
 17097 | Lair:5   | Found the +3 greatsling "Punk" {acid, rCorr}
 17339 | Lair:5   | Received a gift from Trog
 18874 | Lair:5   | Reached skill level 17 in Short Blades
 19197 | D:12     | Noticed Nessos
 19219 | D:12     | Reached skill level 1 in Ranged Weapons
 19226 | D:12     | Killed Nessos
 19848 | D:12     | Identified the ring of Bacveico {Wiz Will++ Stlth-}
 19887 | D:12     | Identified the +3 leather armour "Zowonn" {Str+7}
 19924 | D:12     | Found a staircase to the Orcish Mines.
 19988 | D:12     | Noticed Snorg
 20012 | D:12     | Killed Snorg
 20483 | D:12     | Found Vudemuy's Armour Emporium.
 20675 | D:12     | Found a runed translucent door.
 20675 | D:12     | Found a runed translucent door.
 20687 | D:12     | Found a runed translucent door.
 20808 | Orc:1    | Entered Level 1 of the Orcish Mines
 20834 | Orc:1    | Gained mutation: You are completely covered in molten
                  | scales. (AC +4, rF+) [demonic ancestry]
 20834 | Orc:1    | Reached XP level 15. HP: 84/105 MP: 13/15
 21049 | Orc:1    | Noticed an orc warlord
 21070 | Orc:1    | Killed an orc warlord
 21397 | Orc:1    | You fall into a shaft and drop 1 floor!
 21397 | Orc:2    | Entered Level 2 of the Orcish Mines
 21433 | Orc:2    | Found a staircase to the Elven Halls.
 21761 | Orc:1    | Noticed Blork the orc
 21786 | Orc:1    | Killed Blork the orc
 22697 | Orc:2    | Noticed an orc warlord
 22718 | Orc:2    | Killed an orc warlord
 22834 | Orc:2    | Reached ****** piety under Trog
 22900 | Orc:2    | Received a gift from Trog
 22901 | Orc:2    | Reached skill level 5 in Ranged Weapons
 23347 | Orc:2    | Found Isiowok's General Store.
 23348 | Orc:2    | Found Yrilo's Book Emporium.
 23350 | Orc:2    | Found Asoxooff's Antique Armour Shoppe.
 23350 | Orc:2    | Found Veihyhuv's Antique Weapon Shoppe.
 23970 | Orc:2    | Bought 6 stones for 6 gold pieces
 23970 | Orc:2    | Bought 2 stones for 2 gold pieces
 23970 | Orc:2    | Bought 4 stones for 4 gold pieces
 24332 | D:13     | Found a shimmering altar of Xom.
 24333 | D:13     | Noticed Urug
 24359 | D:13     | Killed Urug
 25142 | D:13     | Received a gift from Trog
 25160 | D:13     | Found a gate to the Vaults.
 25925 | D:14     | Noticed Josephine
 25944 | D:14     | Killed Josephine
 26344 | D:14     | Identified the +4 whip "Bung" {drain, Drain rF+++ Int+3
                  | Stlth+}
 27112 | Swamp:1  | Entered Level 1 of the Swamp
 27329 | Swamp:1  | Quit the game

Illustrated notes

Levels and vault maps discovered:
D:1:      beargit_arrival_greenhouse, layout_loops_ring,
          ebering_ecumenical_altar_webs
D:2:      layout_loops_ring, basic_altar, minmay_crystal_room, minmay_circle_x
D:3:      layout_basic, lemuel_tele_altar, ashenzari_altar_1,
          uniq_crazy_yiuf_cottage, uniq_ijyb, uniq_robin, uniq_jessica
D:4:      layout_basic, gammafunk_ghost_stat_death, hex_intersection
D:5:      layout_loops_ring, nzn_hepliaklqana_mist_gate,
          mainiacjoe_overflow_surrounded_room, kennysheep_generic_room_5
D:6:      layout_cave_pools, serial_shops, shop_statue, nicolae_lakefront_shop,
          nicolae_shop_behind_doors, dreamdust_mushroom_princess,
          nicolae_underground_beach, uniq_maggie
D:7:      layout_cave_pools, kennysheep_little_box
D:8:      layout_basic
D:9:      layout_loops_ring, enter_bailey_2
D:10:     layout_rooms, serial_shops, nicolae_stop_n_shop_1
D:11:     layout_cave_pools, dpeg_lair_monsters, dreamdust_wishing_well
D:12:     layout_basic, david_orc_4, serial_shops, nicolae_shop_behind_doors,
          mikee_hates_you, uniq_nessos, uniq_snorg
D:13:     layout_basic, david_vaults_1, xom_teletrap_fun, uniq_urug
D:14:     layout_layer_cave, kennysheep_path_1, disabler_island, uniq_josephine
Lair:1:   dreamdust_isle_of_ice, layout_long_grid,
          portal_ice_cave_entry_pillars_2, basic_altar
Lair:2:   layout_concentric_octagons, nicolae_spider_entry_orb_guardian,
          grunt_forest_stairs_basic, grunt_forest_large_clearings,
          serial_bayou_shore_a
Lair:3:   layout_chaotic_city, minmay_swamp_entry_eels, serial_bayou_shore_b,
          uniq_sonja, uniq_amaemon
Lair:4:   layout_loops_ring, slime_entry_1
Lair:5:   hangedman_lair_caniforms_friends, layout_layer_cave,
          guppyfry_lair_end_dragon, chequers_serial_rivers_room_b,
          serial_bayou_shore_b
Swamp:1:  layout_basic_swamp, evilmike_swamp_ruin_house_5
Orc:1:    layout_caves, sword_in_stone
Orc:2:    st_orc_congregation, layout_caves, nooodl_orcs_dogs

Skill      XL: |  1  2  3  4  5  6  7  8  9 10 11 12 13 14 15 |
---------------+----------------------------------------------+-----
Axes           | 3 4 |  4.7
Short Blades   | 2 3 5 8 10 12 14 15 16 17 | 17.0
Armour         | 2 4 6 7 8 9 |  9.8
Dodging        | 2 4 6 7 8 9 |  9.7
Stealth        | 2 4 6 7 |  7.8
Fighting       | 5 8 9 10 11 | 11.6
Ranged Weapons | 3 6 |  6.9

Action                   |  1- 3 |  4- 6 |  7- 9 | 10-12 | 13-15 || total
-------------------------+-------+-------+-------+-------+-------++-------
Melee: Hand axe          |   134 |    17 |       |       |       ||   151
       Punch             |     1 |     3 |     2 |    11 |    39 ||    56
       Headbutt          |    19 |    23 |    37 |    97 |   684 ||   860
       Short sword       |       |   123 |   244 |    65 |       ||   432
       Quick blade       |       |       |       |   360 |  2518 ||  2878
 Fire: Greatsling        |       |       |       |       |     5 ||     5
Invok: Berserk           |     1 |     3 |     5 |     7 |    25 ||    41
       Brothers in Arms  |       |       |       |     2 |     5 ||     7
       Trog's Hand       |       |       |       |       |     1 ||     1
  Use: Scroll            |       |     9 |     6 |    12 |    21 ||    48
       Potion            |       |       |       |     6 |     9 ||    15
 Stab: Sleeping          |     2 |       |       |       |    11 ||    13
       Distracted        |       |       |       |       |     7 ||     7
Armor: Animal skin       |    13 |       |       |       |       ||    13
       Ring mail         |    10 |    56 |    71 |   118 |   575 ||   830
       Skin              |       |     4 |       |       |       ||     4
Dodge: Dodged            |    93 |    91 |   122 |   194 |   940 ||  1440

Table legend: (Time is in decaauts)
 A = Elapsed time spent in this place.
 B = Non-inter-level travel time spent in this place.
 C = Inter-level travel time spent in this place.
 D = Time resting spent in this place.
 E = Time spent auto-exploring this place.
 F = Levels seen in this place.
 G = Mean time per level.
                   A        B        C        D        E       F      G
               +--------+--------+--------+--------+--------+-----+--------+
         Total |  25610 |  24616 |    994 |   3331 |  17667 |  23 | 1113.5 |
       Dungeon |  13882 |  13315 |    567 |   1182 |  10313 |  14 |  991.6 |
          Lair |   7704 |   7390 |    314 |    927 |   5412 |   5 | 1540.8 |
         Swamp |    194 |    194 |      0 |      0 |    169 |   1 |  194.0 |
  Orcish Mines |   3100 |   2989 |    111 |    811 |   1610 |   2 | 1550.0 |
        Bailey |    728 |    728 |      0 |    409 |    163 |   1 |  728.0 |
               +--------+--------+--------+--------+--------+-----+--------+

Top non-repeatable levels by time:
  Lair:5: 2412 daAuts
  Lair:1: 1995 daAuts
    D:12: 1582 daAuts
   Orc:2: 1571 daAuts
   Orc:1: 1528 daAuts
    D:14: 1429 daAuts
  Lair:2: 1418 daAuts
    D:11: 1330 daAuts
     D:3: 1287 daAuts
     D:1: 1198 daAuts
    D:13: 1099 daAuts
     D:2: 1042 daAuts
  Lair:3: 1000 daAuts
     D:8: 896 daAuts
  Lair:4: 878 daAuts
